 Dungeon Crawl Stone Soup version 0.30.1-9-gdf580d7c3d (webtiles) character file.

Game seed: 590628396392958557

716 SmallBalls the Chopper (level 7, -3/62 HPs)
             Began as a Minotaur Berserker on Oct 3, 2023.
             Was a Priest of Trog.
             Slain by an ogre
             ... wielding a +0 giant club
              (15 damage)
             ... on level 5 of the Dungeon.
             The game lasted 00:07:04 (3484 turns).

SmallBalls the Chopper (Minotaur Berserker)         Turns: 3484, Time: 00:07:04

Health: -3/62      AC: 15    Str: 23    XL:     7   Next: 41%
Magic:  15/15      EV:  7    Int:  4    God:    Trog [***...]
Gold:   50         SH:  5    Dex: 10    Spells: 6/6 levels left

rFire   . . .        o - +8 dagger of the Bedazzling Pariah {holy, rN++ Stlth+}
rCold   . . .        s - +2 buckler
rNeg    + + .        v - +0 plate armour
rPois   .            (helmet restricted)
rElec   .            r - +2 cloak
rCorr   .            (no gloves)
SInv    .            (no boots)
Will    ++...        (no amulet) Stlth
                     d - ring of magical power
HPRegen 1.30/turn    (no ring)
MPRegen 0.14/turn

%: no passive effects
@: strong-willed (expiring), on berserk cooldown, regenerating (expiring),
slowed, very slow
A: horns 2, retaliatory headbutt
a: Renounce Religion, Berserk, Trog's Hand


You were on level 5 of the Dungeon.
You worshipped Trog.
Trog was most pleased with you.
You visited 1 branch of the dungeon, and saw 5 of its levels.
You also visited: Ossuary.

You collected 468 gold pieces.
You spent 418 gold pieces at shops.

Inventory:

Hand Weapons
 a - a +0 hand axe
 o - the +8 dagger of the Bedazzling Pariah (weapon) {holy, rN++ Stlth+}
   (You found it on level 4 of the Dungeon)

   rN:        It greatly protects you from negative energy.
   Stlth:     It makes you more stealthy.
Armour
 r - a +2 cloak (worn)
 s - a +2 buckler (worn)
 v - a +0 plate armour (worn)
Jewellery
 d - a ring of magical power (left hand)
Wands
 g - a wand of mindburst (7)
Scrolls
 c - a scroll of enchant armour
 f - 3 scrolls of teleportation
 h - 3 scrolls of identify
 k - 2 scrolls of enchant weapon
 m - 2 scrolls of fear
 t - a scroll of vulnerability {unknown}
 u - a scroll of fog
Potions
 b - 2 potions of mutation {unknown}
 e - 2 potions of curing {unknown}
 i - a potion of heal wounds {unknown}
 j - a potion of degeneration {unknown}
 l - 2 potions of ambrosia {unknown}
 n - a potion of cancellation {unknown}
 p - a potion of attraction {unknown}
 q - a potion of invisibility {unknown}


   Skills:
 * Level 5.9 Fighting
 * Level 7.6 Axes
 * Level 4.1 Armour
 + Level 3.3 Dodging
 - Level 0.1 Stealth
 + Level 1.2 Shields
 + Level 1.6 Evocations


You had 6 spell levels left.
You didn't know any spells.
Your spell library was empty.

Dungeon Overview and Level Annotations

Branches:
Dungeon (5/15)            Ossuary (visited)
 Temple: D:4-7

Altars:
Elyvilon
Fedhas
Uskayaw
Zin

Shops:
D:2 [   D:4 *


Innate Abilities, Weirdness & Mutations

You have a pair of horns on your head.
You reflexively headbutt those who attack you in melee.


Message History

You are too injured to fight recklessly!
Unknown command.
You are too injured to fight recklessly!
You are too injured to fight recklessly!
Unknown command.
You closely miss Prince Ribbit. You block Prince Ribbit's attack.
You barely miss Prince Ribbit.
Prince Ribbit hops awkwardly around.
Prince Ribbit hits you!
You puncture Prince Ribbit! You headbutt Prince Ribbit!
Prince Ribbit is almost dead.
The ogre closely misses you. Prince Ribbit hits you!
* * * LOW HITPOINT WARNING * * *
You impale Prince Ribbit!!
You kill Prince Ribbit!
Trog accepts your kill.
Prince Ribbit returns to his original shape as he dies.
Your Armour skill increases to level 4!
Your Shields skill increases to level 1!
Unknown command.
The ogre barely misses you.
You see here the human corpse of Prince Ribbit.
You feel a strong urge to attack something.
There is a stone staircase leading up here.
You puncture the ogre! You headbutt the ogre.
The ogre is severely wounded.
You block the ogre's attack.
You feel a strong urge to attack something.
You are no longer berserk.
You are exhausted.
You feel yourself slow down.
You barely miss the ogre.
The ogre is severely wounded.
You feel the effects of Trog's Hand fading.
You block the ogre's attack. The ogre hits you with a +0 giant club!
* * * LOW HITPOINT WARNING * * *
You barely miss the ogre. Your headbutt misses the ogre.
The ogre is severely wounded.
The ogre hits you with a +0 giant club!
You die...

##.....#
##.....$
##.....# ......#
#.....#
#)####.....##
...?...).....#
...####.†....#
#.....$@O....##
...###........#
#........#
#........#
..[............#
.§....#.#.....##
......#.##.....#
................
......### .....#


You could see an ogre.

Vanquished Creatures
  Prince Ribbit (D:5)
  A phantom (D:5)
  An elf zombie (Ossuary)
  2 centaur zombies (Ossuary)
  A jelly (D:2)
  An orc priest (D:4)
  An iguana (D:4)
  A sleepcap (D:5)
  2 mummies (Ossuary)
  4 gnolls (D:2)
  4 adders
  A white imp (D:3)
  A worm (D:3)
  2 dart slugs
  4 orcs (D:4)
  7 ball pythons
  7 endoplasms
  3 giant cockroaches
  5 gnoll zombies (Ossuary)
  7 goblins
  9 hobgoblins
  8 jackals
  12 kobolds
  3 quokkas
  5 bats
  6 frilled lizards
  2 goblin zombies (Ossuary)
  4 hobgoblin zombies (Ossuary)
  5 rats
110 creatures vanquished.

Notes
Turn   | Place    | Note
-------+----------+-------------------------------------------
     0 | D:1      | SmallBalls the Minotaur Berserker began the quest for the
                  | Orb.
     0 | D:1      | Reached XP level 1. HP: 19/19 MP: 0/0
   226 | D:1      | Reached skill level 4 in Axes
   232 | D:1      | Reached XP level 2. HP: 26/27 MP: 1/1
   323 | D:1      | Reached ** piety under Trog
   420 | D:1      | Reached XP level 3. HP: 32/33 MP: 2/2
   478 | D:1      | Reached skill level 5 in Axes
   659 | D:2      | Found Ajion's Antique Armour Emporium.
   673 | D:2      | Reached XP level 4. HP: 38/40 MP: 3/3
   824 | D:2      | Reached skill level 6 in Axes
   940 | D:2      | Reached XP level 5. HP: 47/47 MP: 4/4
  1041 | D:2      | Found a faded altar of an unknown god.
  1192 | D:2      | Bought a ring mail for 88 gold pieces
  1290 | D:3      | Found a blossoming altar of Fedhas.
  1513 | D:3      | Reached *** piety under Trog
  1828 | D:4      | Found Zin's Purification Station.
  1828 | D:4      | Found a glowing silver altar of Zin.
  2081 | D:4      | Found a white marble altar of Elyvilon.
  2183 | D:4      | Found a sand-covered staircase.
  2197 | D:4      | Reached skill level 5 in Fighting
  2302 | Ossuary  | Entered an ossuary
  2319 | Ossuary  | Reached XP level 6. HP: 56/56 MP: 5/5
  2341 | Ossuary  | Reached skill level 7 in Axes
  2463 | Ossuary  | Reached skill level 1 in Evocations
  2650 | D:2      | Bought a runed cloak for 165 gold pieces
  2650 | D:2      | Bought a runed buckler for 165 gold pieces
  2999 | D:4      | Identified the +8 dagger of the Bedazzling Pariah {holy,
                  | rN++ Stlth+}
  3018 | D:4      | Found a hide-covered altar of Uskayaw.
  3453 | D:5      | Entered Level 5 of the Dungeon
  3463 | D:5      | Noticed Prince Ribbit
  3470 | D:5      | Reached XP level 7. HP: 43/61 MP: 6/6
  3476 | D:5      | Killed Prince Ribbit
  3477 | D:5      | Reached skill level 1 in Shields
  3484 | D:5      | Slain by an ogre

Illustrated notes

Levels and vault maps discovered:
D:1:      minmay_arrival_open_corners, layout_rooms
D:2:      layout_rooms, shapermc_ecumenical_altar_hornbeckon, serial_shops, shop
D:3:      layout_basic, mainiacjoe_overflow_24_doors
D:4:      layout_loops_corners, elyvilon_altar_1, zin_purify,
          mainiacjoe_overflow_brackets, lightli_ossuary_entry_decrepit_ruins
D:5:      minmay_spotlight, layout_rooms, temple_pool_b, uniq_menkaure,
          uniq_prince_ribbit1

Skill      XL: |  1  2  3  4  5  6  7 |
---------------+----------------------+-----
Axes           | 4 5 6 7 |  7.6
Fighting       | 4 5 |  5.9
Armour         | 3 4 |  4.1
Dodging        | 3 |  3.3
Evocations     | 1 |  1.6
Shields        | 1 |  1.2
Stealth        | |  0.1

Action                     |  1- 3 |  4- 6 |  7- 9 || total
---------------------------+-------+-------+-------++-------
  Melee: Hand axe          |    71 |   132 |       ||   203
         Headbutt          |    12 |    31 |     2 ||    45
         Dagger            |       |    14 |     7 ||    21
         Punch             |       |     1 |       ||     1
 Invoke: Berserk           |     2 |       |     1 ||     3
         Trog's Hand       |       |       |     1 ||     1
    Use: Scroll            |       |     6 |       ||     6
 Armour: Animal skin       |    19 |     4 |       ||    23
         Scale mail        |       |    64 |       ||    64
         Plate armour      |       |     4 |       ||     4
  Dodge: Dodged            |    51 |    89 |     2 ||   142
  Block: Buckler           |       |     5 |     3 ||     8
